 Dungeon Crawl Stone Soup version 0.31-a0-536-ga3e2962e35 (webtiles) character file.

Game seed: 13420848416702025316

11622 Morbidden the Destroyer (level 11, -6/81 HPs)
             Began as a Demonspawn Conjurer on Aug 13, 2023.
             Was a Priest of Vehumet.
             Mangled by a cyclops (17 damage)
             ... on level 10 of the Dungeon.
             The game lasted 00:15:43 (10836 turns).

Morbidden the Destroyer (Demonspawn Conjurer)      Turns: 10836, Time: 00:15:44

Health: -6/81      AC: 10    Str: 14    XL:     11   Next: 51%
Magic:  25/30      EV: 17    Int: 30    God:    Vehumet [***...]
Gold:   375        SH:  0    Dex: 11    Spells: 13/23 levels left

rFire   . . .        b - +1 dagger (flame)
rCold   . . .        (no shield)
rNeg    . . .        y - +1 steam dragon scales
rPois   .            (helmet restricted)
rElec   .            m - scarf {+Inv}
rCorr   .            n - +1 pair of gloves
SInv    .            x - +1 pair of boots
Will    .....        F - amulet "Siyqauxe" {Acrobat MP+9 Slay+2 Stlth+}
Stlth   ++++         p - +6 ring of intelligence
HPRegen 0.33/turn    s - +6 ring of strength
MPRegen 0.22/turn

%: repel missiles, acrobat
@: no status effects
A: horns 1, repulsion field 3, demonic magic 3
a: Renounce Religion, Evoke Invisibility


You were on level 10 of the Dungeon.
You worshipped Vehumet.
Vehumet was most pleased with you.
You visited 1 branch of the dungeon, and saw 10 of its levels.
You also visited: Bailey.

You collected 550 gold pieces.
You spent 175 gold pieces at shops.

Inventory:

Hand Weapons
 b - a +1 dagger of flaming (weapon)
 j - a +3 long sword
Missiles
 d - 11 boomerangs
 v - a throwing net
 G - a curare-tipped dart
Armour
 m - a scarf of invisibility (worn)
 n - a +1 pair of gloves (worn)
 x - a +1 pair of boots (worn)
 y - +1 steam dragon scales (worn)
Jewellery
 p - a +6 ring of intelligence (left hand)
 s - a +6 ring of strength (right hand)
 F - the amulet "Siyqauxe" (around neck) {Acrobat MP+9 Slay+2 Stlth+}
   (You acquired it in a bailey)

   [amulet of the acrobat]

   Acrobat:   It increases your evasion while moving and waiting.
   Slay+2:    It affects your accuracy & damage with ranged weapons and melee
   (+2).
   MP+9:      It affects your magic capacity (+9).
   Stlth+:    It makes you more stealthy.
Wands
 o - a wand of roots (7)
 C - a wand of charming (8)
Scrolls
 c - 2 scrolls of amnesia
 f - 3 scrolls of identify
 g - 3 scrolls of revelation
 h - 3 scrolls of blinking
 i - 3 scrolls of teleportation
 l - 2 scrolls of fear
 z - a scroll of enchant weapon
 D - 2 scrolls of brand weapon
 H - a scroll of acquirement
Potions
 a - a potion of resistance {unknown}
 e - 2 potions of invisibility {unknown}
 k - 3 potions of attraction {unknown}
 q - a potion of degeneration {unknown}
 r - 2 potions of magic
 t - a potion of heal wounds {unknown}
 u - 3 potions of berserk rage
 w - 2 potions of enlightenment {unknown}
 A - 3 potions of brilliance {unknown}
 B - 3 potions of curing {unknown}
 E - 2 potions of haste {unknown}


   Skills:
 * Level 5.7 Fighting
 * Level 4.8 Short Blades
 * Level 5.6 Dodging
 + Level 7.5 Stealth
 + Level 0.5 Unarmed Combat
 * Level 6.9 Spellcasting
 * Level 8.7 Conjurations
 * Level 4.9 Translocations
 * Level 3.2 Earth Magic
 * Level 5.5 Evocations


You had 13 spell levels left.
You knew the following spells:

 Your Spells              Type           Power      Damage    Failure   Level
a - Stone Arrow           Conj/Erth      92%        3d12      1%          3
b - Searing Ray           Conj           100%       2d8       1%          2
c - Magic Dart            Conj           100%       1d8       1%          1
z - Iskenderun's Mystic   Conj/Tloc      50%        2d11      1%          4

Your spell library contained the following spells:

 Spells                   Type           Power      Damage    Failure   Level
 Dazzling Flash           Conj/Hex       72%        N/A       1%          3
 Hailstorm                Conj/Ice       36%        3d9       1%          3
 Mephitic Cloud           Conj/Pois/Air  27%        N/A       1%          3
 Poisonous Vapours        Pois/Air       20%        N/A       2%          2
 Fulminant Prism          Conj/Hex       18%        3d10      2%          4
 Sting                    Tmut/Pois      40%        1d5       4%          1
 Call Imp                 Summ           20%        N/A       8%          2
 Olgreb's Toxic Radiance  Pois           10%        N/A       13%         4
 Ozocubu's Armour         Ice            10%        N/A       14%         3
 Summon Ice Beast         Ice/Summ       10%        N/A       43%         4
 Simulacrum               Ice/Necr       5%         N/A       100%        6
 Ozocubu's Refrigeration  Ice            5%         4d8       100%        7


Dungeon Overview and Level Annotations

Branches:
Dungeon (10/15)            Temple (0/1) D:6          Bailey (visited)
   Lair: D:8-11         Orc: D:9-12

Altars:
Vehumet

Shops:
D:5 (   D:6 *[   D:8 (


Innate Abilities, Weirdness & Mutations

You have a pair of small horns on your head.
You are surrounded by a strong repulsion field. (EV +4, RMsl)
Spells you cast and wands you use may paralyse nearby enemies.


Message History

Magic courses through your body. The yaktaur hits you.
The centaur warrior barely misses you. The centaur warrior misses you.
Unknown command.
Casting: Stone Arrow (safe; 1% risk of failure)
Confirm with . or Enter, or press ? or * to list all spells.
Aiming: Stone Arrow (safe; 1% risk of failure)
Press: ? - help, Shift-Dir - straight line, f/p - yaktaur
Aim: a yaktaur (severely wounded, 95% to hit)
The stone arrow hits the yaktaur!!
You kill the yaktaur!
Vehumet accepts your kill.
You feel your power returning. Malevolent energies surge around you.
The centaur warrior suddenly stops moving!
Unknown command.
Unknown command.
The helpless centaur warrior fails to defend itself.
You stick the centaur warrior like a pincushion!!!
You burn the centaur warrior!
You kill the centaur warrior!
Vehumet accepts your kill.
You feel your power returning.
The cyclops throws a large rock.
The large rock hits you!!!
* * * LOW HITPOINT WARNING * * *
You hear a shout! x2
Unknown command.
An orc comes into view. It is wielding a +0 hand axe.
Things that are here:
a +0 arbalest; a yaktaur corpse; a vampire mosquito corpse Unknown command.
Casting: Stone Arrow (safe; 1% risk of failure)
Confirm with . or Enter, or press ? or * to list all spells.
Aiming: Stone Arrow (safe; 1% risk of failure)
Press: ? - help, Shift-Dir - straight line, f - cyclops
Aim: a cyclops, quivering large rocks (98% to hit)
The stone arrow hits the cyclops!
The cyclops is moderately wounded.
Malevolent energies surge around you.
An orc comes into view. It is wielding a +0 mace.
The cyclops hits you!
You die...

... #......#........
...##......#........
^..........#........
#....#....#........
#..................
#......##..........
#......##.$..oo....
...#|.....@C{.(.......
....######.)..#....####
..<.........†..........
................##.....
...?.....†.....##.....
#.........†...........
.#....)....#....#.$.
#...).....#........
#.........#......


You could see a cyclops and 2 orcs.

Vanquished Creatures
  2 vault guards (Bailey)
  2 centaur warriors (D:10)
  3 two-headed ogres
  Pikel (D:4)
  Jeremiah (D:9)
  A cyclops (D:10)
  Psyche (D:8)
  2 yaktaurs (D:10)
  A hornet (D:9)
  Prince Ribbit (D:9)
  A slime creature (D:10)
  4 yaks (D:10)
  3 humans (Bailey)
  A vampire mosquito (D:10)
  A steam dragon (D:6)
  Edmund (D:4)
  A water moccasin (D:7)
  2 black bears
  2 orc warriors (Bailey)
  2 sky beasts
  An ogre (D:4)
  A lemure (D:4)
  4 centaurs
  Blork the orc (D:5)
  A kobold brigand (D:9)
  4 bullfrogs
  6 scorpions
  5 wights
  A howler monkey (D:5)
  9 orc priests
  A gnoll bouda (D:8)
  5 hounds
  A sleepcap (D:5)
  An iguana (D:4)
  Terence (D:2)
  Natasha (thrice) (D:2)
  14 orc wizards
  8 adders
  22 gnolls
  3 shadow imps
  A white imp (D:7)
  An ufetubus (D:4)
  A worm (D:2)
  5 dart slugs
  30 orcs
  5 bats
  4 endoplasms
  11 goblins
  8 hobgoblins
  2 jackals (D:4)
  A quokka (D:5)
  3 training dummies (D:5)
  6 ball pythons
  3 frilled lizards
  7 kobolds
  10 rats
223 creatures vanquished.

Vanquished Creatures (others)
  A blink frog (Bailey)
  An orc wizard (D:8)
2 creatures vanquished.

Grand Total: 225 creatures vanquished

Notes
Turn   | Place    | Note
-------+----------+-------------------------------------------
     0 | D:1      | Morbidden the Demonspawn Conjurer began the quest for the
                  | Orb.
     0 | D:1      | Reached XP level 1. HP: 13/13 MP: 3/3
   121 | D:1      | Gained mutation: You are surrounded by a mild repulsion
                  | field. (EV +2) [demonic ancestry]
   121 | D:1      | Reached XP level 2. HP: 19/19 MP: 1/5
  1418 | D:2      | Reached XP level 3. HP: 25/25 MP: 1/6
  1567 | D:2      | Noticed Terence
  1580 | D:2      | Learned a level 2 spell: Searing Ray
  1632 | D:2      | Killed Terence
  1633 | D:2      | Reached skill level 1 in Fighting
  1633 | D:2      | Reached skill level 5 in Conjurations
  1756 | D:2      | Gained mutation: You are surrounded by a moderate repulsion
                  | field. (EV +3) [demonic ancestry]
  1756 | D:2      | Reached XP level 4. HP: 17/32 MP: 0/7
  1823 | D:2      | Noticed Natasha
  1827 | D:2      | Killed Natasha
  2234 | D:2      | Noticed Natasha
  2241 | D:2      | Killed Natasha
  2242 | D:2      | Gained mutation: Spells you cast may paralyse adjacent
                  | enemies. [demonic ancestry]
  2242 | D:2      | Reached XP level 5. HP: 28/37 MP: 2/9
  2307 | D:2      | Found a faded altar of an unknown god.
  2338 | D:2      | Noticed Natasha
  2343 | D:2      | Killed Natasha
  2777 | D:3      | Found a radiant altar of Vehumet.
  2885 | D:3      | Became a worshipper of Vehumet
  3071 | D:3      | Reached XP level 6. HP: 39/44 MP: 5/10
  3527 | D:3      | Learned a level 4 spell: Iskenderun's Mystic Blast
  3610 | D:4      | Reached skill level 1 in Short Blades
  3777 | D:4      | Noticed Pikel
  3798 | D:4      | Killed Pikel
  3799 | D:4      | Reached skill level 6 in Conjurations
  3799 | D:4      | Reached skill level 1 in Translocations
  3799 | D:4      | Reached skill level 1 in Evocations
  3799 | D:4      | Gained mutation: You have a pair of small horns on your
                  | head. [demonic ancestry]
  3799 | D:4      | Reached XP level 7. HP: 30/51 MP: 4/12
  4029 | D:4      | Noticed Edmund
  4045 | D:4      | Killed Edmund
  4046 | D:4      | Gained mutation: Spells you cast may paralyse nearby
                  | enemies. [demonic ancestry]
  4046 | D:4      | Reached XP level 8. HP: 4/57 MP: 4/14
  4766 | D:5      | Entered Level 5 of the Dungeon
  4790 | D:5      | Reached * piety under Vehumet
  4790 | D:5      | Offered knowledge of Sandblast by Vehumet.
  5105 | D:5      | Found Rurcho's Firing Range.
  5287 | D:5      | Noticed Blork the orc
  5293 | D:5      | Killed Blork the orc
  5781 | D:6      | Found a staircase to the Ecumenical Temple.
  5845 | D:6      | Gained mutation: Spells you cast and wands you use may
                  | paralyse nearby enemies. [demonic ancestry]
  5845 | D:6      | Reached XP level 9. HP: 41/64 MP: 9/16
  6054 | D:6      | Found Coc Weas's Armour Shop.
  6064 | D:6      | Reached skill level 5 in Stealth
  6064 | D:6      | Reached skill level 5 in Spellcasting
  6064 | D:6      | Reached skill level 7 in Conjurations
  6456 | D:6      | Found Rotysku's General Store.
  6464 | D:6      | Bought a scroll of revelation for 105 gold pieces
  6464 | D:6      | Bought a potion of berserk rage for 70 gold pieces
  6486 | D:6      | Reached ** piety under Vehumet
  6486 | D:6      | Offered knowledge of Freeze by Vehumet.
  7176 | D:7      | Noticed a two-headed ogre
  7187 | D:7      | Killed a two-headed ogre
  7294 | D:7      | Offered knowledge of Hailstorm by Vehumet.
  8003 | D:8      | Noticed a two-headed ogre
  8012 | D:8      | Killed a two-headed ogre
  8013 | D:8      | Reached XP level 10. HP: 61/73 MP: 4/18
  8289 | D:8      | Noticed Psyche
  8297 | D:8      | Killed Psyche
  8297 | D:8      | Reached *** piety under Vehumet
  8490 | D:8      | Found Zuuheg's Weapon Emporium.
  8873 | D:9      | Offered knowledge of Stone Arrow by Vehumet.
  8879 | D:9      | Learned a level 3 spell: Stone Arrow
  8917 | D:9      | Noticed Jeremiah
  8953 | D:9      | Noticed a two-headed ogre
  8966 | D:9      | Killed a two-headed ogre
  8998 | D:9      | Found a flagged portal.
  9067 | Bailey   | Entered a bailey
  9191 | Bailey   | Reached skill level 5 in Fighting
  9220 | Bailey   | Reached skill level 5 in Dodging
  9457 | Bailey   | Reached skill level 1 in Earth Magic
  9576 | Bailey   | Noticed a vault guard
  9588 | Bailey   | Killed a vault guard
  9639 | Bailey   | Identified a scroll of acquirement
  9640 | Bailey   | Acquired the amulet "Siyqauxe" {Acrobat MP+9 Slay+2 Stlth+}
  9713 | Bailey   | Noticed a vault guard
  9723 | Bailey   | Killed a vault guard
  9724 | Bailey   | Reached skill level 8 in Conjurations
  9724 | Bailey   | Reached skill level 5 in Evocations
  9957 | D:9      | Gained mutation: You are surrounded by a strong repulsion
                  | field. (EV +4, RMsl) [demonic ancestry]
  9957 | D:9      | Reached XP level 11. HP: 77/80 MP: 20/20
 10231 | D:9      | Noticed Prince Ribbit
 10238 | D:9      | Killed Prince Ribbit
 10391 | D:9      | Killed Jeremiah
 10783 | D:10     | Entered Level 10 of the Dungeon
 10783 | D:10     | Noticed a centaur warrior
 10790 | D:10     | Noticed a centaur warrior
 10793 | D:10     | Killed a centaur warrior
 10834 | D:10     | Killed a centaur warrior
 10836 | D:10     | Mangled by a cyclops

Illustrated notes

Levels and vault maps discovered:
D:1:      spicycebolla_arrival_clurvy, layout_basic
D:2:      layout_loops_ring, shapermc_ecumenical_altar_petra,
          kennysheep_generic_room_5, uniq_terence, uniq_natasha
D:3:      layout_rooms, mainiacjoe_overflow_large_starburst,
          kennysheep_another_room
D:4:      layout_rooms, uniq_edmund, uniq_pikel
D:5:      layout_basic, nicolae_shop_firing_range, uniq_blork_the_orc
D:6:      layout_basic, minmay_temple_entry_gardened_gates, serial_shops, shop,
          shop
D:7:      layout_basic, minivault_11
D:8:      layout_rooms, serial_shops, shop, uniq_psyche
D:9:      layout_basic, enter_bailey_3, uniq_prince_ribbit1, uniq_jeremiah
D:10:     minmay_cut_squares, layout_loops_cross, overflow_temple_1_default,
          erik_lair_orcish_takeover, orc_0_dummy

Skill      XL: |  1  2  3  4  5  6  7  8  9 10 11 |
---------------+----------------------------------+-----
Fighting       | 1 2 3 4 5 |  5.7
Dodging        | 2 3 4 5 |  5.6
Conjurations   | 5 6 7 8 |  8.7
Stealth        | 2 3 4 6 7 |  7.5
Spellcasting   | 3 4 5 6 |  6.9
Short Blades   | 1 2 3 4 |  4.8
Translocations | 1 2 3 4 |  4.9
Evocations     | 1 2 3 4 5 |  5.5
Earth Magic    | 2 3 |  3.2
Unarmed Combat | |  0.5

Action                     |  1- 3 |  4- 6 |  7- 9 | 10-12 || total
---------------------------+-------+-------+-------+-------++-------
  Melee: Unarmed           |     8 |       |       |       ||     8
         Dagger            |    40 |    36 |   125 |    91 ||   292
         Punch             |     2 |       |       |     1 ||     3
         Headbutt          |       |       |    17 |     9 ||    26
   Cast: Magic Dart        |    51 |    75 |   162 |    44 ||   332
         Searing Ray       |     2 |     5 |     3 |       ||    10
         Iskenderun's Myst |       |       |     5 |     1 ||     6
         Stone Arrow       |       |       |       |    79 ||    79
  Evoke: Wand              |       |       |       |     1 ||     1
    Use: Scroll            |     1 |       |     8 |     6 ||    15
         Potion            |     1 |       |       |     1 ||     2
   Stab: Paralysed         |       |    15 |    48 |    39 ||   102
         Sleeping          |       |     1 |     4 |       ||     5
 Armour: Robe              |     5 |    15 |    11 |       ||    31
         Skin              |    30 |       |       |       ||    30
         Steam dragon scal |       |       |    15 |    23 ||    38
  Dodge: Dodged            |    19 |    32 |   106 |    88 ||   245

Table legend: (Time is in decaauts)
 A = Elapsed time spent in this place.
 B = Non-inter-level travel time spent in this place.
 C = Inter-level travel time spent in this place.
 D = Time resting spent in this place.
 E = Time spent auto-exploring this place.
 F = Levels seen in this place.
 G = Mean time per level.
                   A        B        C        D        E       F      G
               +--------+--------+--------+--------+--------+-----+--------+
         Total |  10820 |  10516 |    304 |   1393 |   7601 |  11 |  983.6 |
       Dungeon |   9953 |   9649 |    304 |   1161 |   7074 |  10 |  995.3 |
        Bailey |    867 |    867 |      0 |    232 |    526 |   1 |  867.0 |
               +--------+--------+--------+--------+--------+-----+--------+

Top non-repeatable levels by time:
     D:2: 1363 daAuts
     D:4: 1233 daAuts
     D:1: 1159 daAuts
     D:7: 1141 daAuts
     D:9: 1073 daAuts
     D:3: 1020 daAuts
     D:6: 1013 daAuts
     D:5: 1004 daAuts
     D:8: 894 daAuts
  Bailey: 867 daAuts
    D:10: 49 daAuts
